 Dungeon Crawl Stone Soup version 0.30-b1-2-g02819fbbbe (webtiles) character file.

Game seed: 5162171311933330919

2874 Batma the Geomancer (level 9, -3/48 HPs)
             Began as a Gargoyle Earth Elementalist on Aug 16, 2023.
             Slain by Grum
             ... wielding a +0 spear
              (17 damage)
             ... on level 8 of the Dungeon.
             The game lasted 00:24:28 (4949 turns).

Batma the Geomancer (Gargoyle Earth Elementalist)   Turns: 4949, Time: 00:24:28

Health: -3/48      AC: 16    Str: 11    XL:     9   Next: 76%
Magic:  3/21       EV: 15    Int: 21    God:
Gold:   318        SH:  0    Dex: 10    Spells: 14/24 levels left

rFire   + . .        A - +3 dagger (protect)
rCold   . . .        (no shield)
rNeg    + . .        m - +0 ring mail {rF+}
rPois   ∞            l - +0 helmet
rElec   +            (no cloak)
rCorr   .            q - +0 pair of gloves
SInv    .            t - +1 pair of boots
Will    +....        (no amulet)
Stlth   ++           C - +5 ring of evasion
HPRegen 0.28/turn    D - ring of willpower
MPRegen 0.17/turn

%: no passive effects
@: no status effects
A: sickness immunity, AC +6, negative energy resistance 1, electricity
resistance, torment resistance 1, petrification resistance
a: no special abilities


You were on level 8 of the Dungeon.
You visited 1 branch of the dungeon, and saw 7 of its levels.

You collected 318 gold pieces.

Inventory:

Hand Weapons
 c - a +0 club
 e - a +0 whip
 v - a +0 sling
 w - a +1 spear of venom
 A - a +3 dagger of protection (weapon)
Missiles
 d - 63 stones
 i - 9 poisoned darts
 p - 2 throwing nets
Armour
 a - a +0 robe
 g - a +0 chain mail
 l - a +0 helmet (worn)
 m - a +0 ring mail of fire resistance (worn)
 q - a +0 pair of gloves (worn)
 t - a +1 pair of boots (worn)
 K - a +0 leather armour
Jewellery
 o - a ring of poison resistance
 s - a ring of resist corrosion
 C - a +5 ring of evasion (left hand)
 D - a ring of willpower (right hand)
 F - a ring of willpower
Scrolls
 h - a scroll of identify
 k - 6 scrolls of teleportation
 r - 2 scrolls of enchant armour
Potions
 b - 4 potions of magic
 f - 3 potions of ambrosia
 j - 6 potions of curing
 u - a potion of flight {unknown}
 z - 3 potions of degeneration
 E - a potion of lignification {unknown}
 G - a potion of haste {unknown}
 I - a potion of resistance {unknown}


   Skills:
 + Level 1.8 Fighting
 - Level 1.0 Short Blades
 + Level 3.0 Armour
 + Level 2.4 Dodging
 + Level 3.7 Stealth
 + Level 8.2 Spellcasting
 + Level 1.0 Conjurations
 + Level 0.7 Transmutations
 + Level 10.5 Earth Magic


You had 14 spell levels left.
You knew the following spells:

 Your Spells              Type           Power      Damage    Failure   Level
a - Sandblast             Erth           100%       2d20      1%          1
b - Passwall              Tmut/Erth      26%        N/A       2%          2
c - Stone Arrow           Conj/Erth      64%        3d11      4%          3
d - Petrify               Tmut/Erth      32%        N/A       17%         4

Your spell library contained the following spells:

 Spells                   Type           Power      Damage    Failure   Level
 Apportation              Tloc           16%        N/A       19%         1
 Necrotise                Necr           32%        1d5       19%         1
 Slow                     Hex            32%        N/A       19%         1
 Summon Small Mammal      Summ           32%        N/A       19%         1
 Ensorcelled Hibernation  Hex/Ice        16%        N/A       26%         2
 Confusing Touch          Hex            8%         N/A       47%         3
 Swiftness                Air            8%         N/A       47%         3
 Vampiric Draining        Necr           8%         2d6       47%         3
 Olgreb's Toxic Radiance  Pois           8%         N/A       87%         4
 Discord                  Hex            4%         N/A       100%        8
 Ignition                 Fire           4%         3d4       100%        8


Dungeon Overview and Level Annotations

Branches:
Dungeon (8/15)             Temple (0/1) D:6            Lair (0/5) D:8

Altars:
Ashenzari
Kikubaaqudgha
Makhleb
Ru
Yredelemnul

Annotations:
D:8 Grum


Innate Abilities, Weirdness & Mutations

You are immune to sickness and miasma.
Your stone body is resilient. (AC +6)
You are immune to poison.
You resist negative energy. (rN+)
You are resistant to electric shocks. (rElec)
You are resistant to unholy torment.
You are immune to petrification.


Message History

Grum hits you but does no damage.
Casting: Stone Arrow (dangerous; 4% risk of failure)
Confirm with . or Enter, or press ? or * to list all spells.
Aiming: Stone Arrow (dangerous; 4% risk of failure)
Press: ? - help, Shift-Dir - straight line, f/p - gnoll
Aim: a gnoll, wielding a +0 club (77% to hit)
The stone arrow hits the wolf.
The wolf is almost dead.
The wolf bites you but does no damage. x2; Grum barely misses you.
Unknown command.
Casting: Stone Arrow (dangerous; 4% risk of failure)
Confirm with . or Enter, or press ? or * to list all spells.
Aiming: Stone Arrow (dangerous; 4% risk of failure)
Press: ? - help, Shift-Dir - straight line, f/p - gnoll
Aim: a gnoll, wielding a +0 club (77% to hit)
The stone arrow hits the wolf!
You kill the wolf!
Grum closely misses you.
Your Armour skill increases to level 3!
Aiming: Sandblast (safe; 1% risk of failure)
Press: ? - help, Q - select action, (/) - cycle Shift-Dir - straight line, f/p - gnoll
Aim: a gnoll, wielding a +0 club (87% to hit)
The blast of sand hits the orc.
The orc is heavily wounded.
The orc closely misses you. Grum misses you.
Aiming: Sandblast (safe; 1% risk of failure)
Press: ? - help, Q - select action, (/) - cycle Shift-Dir - straight line, f - Grum, p - gnoll
Aim: Grum, wielding a +0 spear, wearing a +0 animal skin and carrying a wand of polymorph (6) (87% to hit)
The blast of sand hits the orc!
You kill the orc!
A wolf comes into view.
Grum misses you. x2
Aiming: Sandblast (safe; 1% risk of failure)
Press: ? - help, Q - select action, (/) - cycle Shift-Dir - straight line, f/p - Grum
Aim: Grum, wielding a +0 spear, wearing a +0 animal skin and carrying a wand of polymorph (6) (87% to hit)
The blast of sand hits the gnoll!
The gnoll is almost dead.
The gnoll closely misses you.
Grum hits you from afar with a +0 spear!
You die...

,,~*,,,* **,,,,**,,,,,,* ,..#..,*
**,,,,********,******
*#...#.##*#..**,*****,,,,,,,,,*
#....#..#*..##*,**,,,,*********
,.#..##.##...,,,,,,****
**...##....#*****,** **#..#....#
*<,# *********
####..)..)########.#####*,,,,,,,,
.....).....h..gg@.......,,******,
.....#....†#...###....##*** *,,,
##########.######**##..#*** **,**
,,,,#..)........#*****,.,,***,,*
,,,,#.####.####.#,,,,,,,,,*,,,**
,,,,*,*,,...,,*,*,,,,,*,,,,,***
,,,,*,*,##)##,*,*,,,,,*,,,***
,,,,*,*,*..[*,*,*,,,,,*,,,*
,,,,,,,,,._.,,,,,,,,,,*,,,*


You could see Grum, a wolf and a gnoll.

Vanquished Creatures
  Joseph (D:7)
  6 humans (D:6)
  A wyvern (D:8)
  A steam dragon (D:7)
  A water moccasin (D:3)
  A black bear (D:4)
  3 wolves (D:8)
  A centaur (D:6)
  A bullfrog (D:7)
  3 scorpions
  6 howler monkeys
  5 hounds
  A gnoll bouda (D:8)
  2 orc wizards
  A sleepcap (D:6)
  2 iguanas
  6 gnolls (D:8)
  2 adders
  2 white imps (D:6)
  An ufetubus (D:6)
  4 dart slugs
  7 orcs
  5 bats
  4 endoplasms
  2 giant cockroaches
  12 goblins
  8 hobgoblins
  2 jackals (D:3)
  6 kobolds
  2 quokkas
  6 ball pythons
  2 frilled lizards (D:1)
  4 rats
111 creatures vanquished.

Vanquished Creatures (others)
  A white imp (D:7)
  2 fungi (D:8)
  3 plants
6 creatures vanquished.

Grand Total: 117 creatures vanquished

Notes
Turn   | Place    | Note
-------+----------+-------------------------------------------
     0 | D:1      | Batma the Gargoyle Earth Elementalist began the quest for
                  | the Orb.
     0 | D:1      | Reached XP level 1. HP: 10/10 MP: 3/3
   203 | D:1      | Reached skill level 4 in Earth Magic
   203 | D:1      | Reached XP level 2. HP: 15/15 MP: 3/5
   472 | D:1      | Learned a level 2 spell: Passwall
   679 | D:1      | Reached XP level 3. HP: 19/19 MP: 4/6
   905 | D:1      | Learned a level 3 spell: Stone Arrow
  1106 | D:2      | Noticed a floating eye
  1111 | D:2      | Found a faded altar of an unknown god.
  1113 | D:2      | Noticed an eye of devastation
  1124 | D:2      | Noticed a floating eye
  1124 | D:2      | Noticed a great orb of eyes
  1642 | D:3      | Noticed a scorpion
  1656 | D:3      | Killed a scorpion
  1657 | D:3      | Reached skill level 5 in Earth Magic
  1657 | D:3      | Reached XP level 4. HP: 12/24 MP: 0/8
  2138 | D:3      | Reached XP level 5. HP: 28/28 MP: 7/9
  2346 | D:3      | Noticed a water moccasin
  2352 | D:3      | Killed a water moccasin
  2353 | D:3      | Reached XP level 6. HP: 32/32 MP: 6/12
  2820 | D:4      | Reached skill level 6 in Earth Magic
  2927 | D:4      | Noticed a black bear
  2945 | D:4      | Killed a black bear
  2946 | D:4      | Reached skill level 5 in Spellcasting
  2946 | D:4      | Reached XP level 7. HP: 36/36 MP: 11/14
  2971 | D:4      | You fall into a shaft and drop 3 floors!
  2993 | D:7      | Found an ancient bone altar of Kikubaaqudgha.
  2997 | D:7      | Found a burning altar of Makhleb.
  3021 | D:6      | Found a basalt altar of Yredelemnul.
  3207 | D:6      | Reached skill level 7 in Earth Magic
  3408 | D:6      | Noticed a human
  3412 | D:6      | Noticed a human
  3413 | D:6      | Noticed a human
  3414 | D:6      | Noticed a human
  3416 | D:6      | Killed a human
  3416 | D:6      | Noticed a human
  3417 | D:6      | Reached XP level 8. HP: 41/41 MP: 12/17
  3422 | D:6      | Reached skill level 8 in Earth Magic
  3755 | D:6      | Reached skill level 1 in Fighting
  3755 | D:6      | Reached skill level 9 in Earth Magic
  3755 | D:6      | Reached XP level 9. HP: 36/47 MP: 10/20
  3760 | D:6      | Learned a level 4 spell: Petrify
  3820 | D:6      | Found a staircase to the Ecumenical Temple.
  3978 | D:7      | Found a broken altar of Ashenzari.
  4110 | D:7      | Noticed Joseph
  4117 | D:7      | Killed Joseph
  4118 | D:7      | Reached skill level 1 in Short Blades
  4347 | D:7      | Reached skill level 10 in Earth Magic
  4873 | D:8      | Found a sacrificial altar of Ru.
  4879 | D:8      | Reached skill level 1 in Armour
  4926 | D:8      | Noticed Grum
  4944 | D:8      | Reached skill level 1 in Conjurations
  4949 | D:8      | Slain by Grum

Illustrated notes

Levels and vault maps discovered:
D:1:      enne_arrival_octagon_isle, layout_loops_ring, minmay_close_crescents
D:2:      layout_basic, hellmonk_ecumenical_altar_watching_god
D:3:      layout_basic, kennysheep_minor_cross
D:4:      layout_loops_ring
D:6:      layout_loops_cross, mainiacjoe_overflow_alcove_4,
          minmay_temple_entry_gardened_gates, minmay_ruffians
D:7:      layout_basic, grunt_temple_overflow_open, old_standard_altar,
          uniq_joseph
D:8:      layout_rooms, nicolae_ru_sacrificial_ziggurat, dpeg_oklobed_lair,
          uniq_grum

Skill      XL: |  1  2  3  4  5  6  7  8  9 |
---------------+----------------------------+-----
Earth Magic    | 4 5 6 7 9 10 | 10.5
Spellcasting   | 3 4 5 6 7 8 |  8.2
Stealth        | 3 |  3.7
Dodging        | 2 |  2.4
Fighting       | 1 |  1.8
Short Blades   | 1 |  1.0
Armour         | 3 |  3.0
Conjurations   | 1 |  1.0
Transmutations | |  0.7

Action                     |  1- 3 |  4- 6 |  7- 9 || total
---------------------------+-------+-------+-------++-------
  Melee: Dagger            |       |       |    25 ||    25
   Cast: Sandblast         |    45 |    55 |    88 ||   188
         Stone Arrow       |       |     1 |    15 ||    16
    Use: Scroll            |     1 |     1 |     9 ||    11
 Armour: Robe              |     2 |    10 |    12 ||    24
         Ring mail         |       |       |    19 ||    19
  Dodge: Dodged            |     6 |    16 |    66 ||    88
